 Dungeon Crawl Stone Soup version 0.26.0-10-g1f06aea511 (webtiles) character file.

Game seed: 14518352014646182600

378 McKennaii the Poker (level 6, -3/48 HPs)
             Began as a Demonspawn Monk on Jan 14, 2021.
             Slain by an ogre
             ... wielding a +0 giant club
              (14 damage)
             ... on level 4 of the Dungeon.
             The game lasted 00:04:37 (2627 turns).

McKennaii the Poker (Demonspawn Monk)               Turns: 2627, Time: 00:04:38

Health: -3/48      AC: 10    Str: 10 (13) XL:     6   Next: 45%
Magic:  6/6        EV:  5    Int:  9 (11) God:
Gold:   172        SH:  0    Dex: 13 (16) Spells: 5/5 levels left

rFire    . . .     SeeInvis .   o - +0 halberd
rCold    . . .     Faith    .   (shield currently unavailable)
rNeg     . . .     Spirit   .   h - +0 chain mail
rPois    .         Reflect  .   (no helmet)
rElec    .         Harm     .   (no cloak)
rCorr    .         Rampage  .   (no gloves)
Will     .....                  (no boots)
Stlth    ..........             e - amulet of regeneration
HPRegen  0.56/turn              n - ring of flight
MPRegen  0.10/turn              (no ring)

@: confused
A: slimy green scales 1, demonic guardian 1, powered by death 1
a: Evoke Flight


You were on level 4 of the Dungeon.
You visited 1 branch of the dungeon, and saw 4 of its levels.

You collected 172 gold pieces.

Inventory:

Hand Weapons
 o - a +0 halberd (weapon)
Armour
 b - a +0 robe
 h - a +0 chain mail (worn)
Jewellery
 e - an amulet of regeneration (around neck)
 f - an uncursed amulet of guardian spirit {unknown}
 n - a ring of flight (left hand)
Wands
 a - a wand of random effects (14)
 k - a wand of polymorph (8)
Scrolls
 d - 5 scrolls of remove curse {unknown}
 g - 2 scrolls of identify {unknown}
 i - 2 scrolls of magic mapping {unknown}
Potions
 c - a potion of degeneration
 l - a potion of attraction {unknown}
 m - a potion of lignification {unknown}
 p - a potion of flight {unknown}


   Skills:
 + Level 3.7 Fighting
 * Level 5.1 Polearms
 * Level 2.6 Armour
 + Level 3.2 Dodging
 + Level 2.3 Stealth


You had 5 spell levels left.
You didn't know any spells.
Your spell library was empty.

Dungeon Overview and Level Annotations

Branches:
Dungeon (4/15)
 Temple: D:4-7

Altars:
Dithmenos
Okawaru
Qazlal
Vehumet
Xom

Annotations:
D:4 3 runed translucent doors, Alannah's ghost, amateur DsBr


Innate Abilities, Weirdness & Mutations

You are partially covered in slimy green scales. (AC +2)
A weak demonic guardian rushes to your aid.
You regenerate a little health from kills.


Message History

Your quasit claws the orc wizard but does no damage.
The ogre hits you with a +0 giant club!
* * * LOW HITPOINT WARNING * * *
Something hits you but does no damage.
Unknown command.
Unknown command.
Okay, then.
You hit the ogre.
The ogre is moderately wounded.
You feel yourself speed up.
The orc wizard barely misses your quasit.
Your quasit closely misses the orc wizard.
Your quasit claws the orc wizard but does no damage.
Your quasit closely misses the orc wizard.
The orc hits you but does no damage.
The orc wizard hits your quasit but does no damage.
You hear some strange, mumbled words.
You are confused.
The ogre hits you with a +0 giant club!
You die...

.ā‰ˆPā‰ˆ.....?..
..ā‰ˆ.P.......... ##...
..........# #..#
#.........# #####.#
#.).o.....# #.....####
#..5...... ####.......#
#.........
#..#......^###{Oo......
#...........>..@.....#
##.#.........#.........
#.###.#(.##...........
#..##.##....#.........
##..#.##.##.#........(
##.#.##..............
#....####.#.........
##.#..##...........#
####.##.##)........
..#....


You could see an ogre, an orc wizard (fast), an orc and a friendly quasit
(summoned).

Vanquished Creatures
  Edmund (D:4)
  A crimson imp (D:3)
  A bullfrog skeleton (D:4)
  3 adders (D:3)
  An adder skeleton (D:4)
  3 worms
  2 dart slugs
  A leopard gecko (D:3)
  13 orcs
  2 giant cockroaches
  5 goblins
  7 hobgoblins
  5 jackals
  10 kobolds
  7 bats
  4 frilled lizards
  9 rats
75 creatures vanquished.

Vanquished Creatures (collateral kills)
  A phantom (D:2)
  2 crimson imps (D:3)
3 creatures vanquished.

Vanquished Creatures (others)
  5 plants (D:4)
5 creatures vanquished.

Grand Total: 83 creatures vanquished

Notes
Turn   | Place    | Note
-------+----------+-------------------------------------------
     0 | D:1      | McKennaii the Demonspawn Monk began the quest for the Orb.
     0 | D:1      | Reached XP level 1. HP: 18/18 MP: 1/1
   162 | D:1      | Reached skill level 3 in Polearms
   162 | D:1      | Gained mutation: A weak demonic guardian rushes to your
                  | aid. [demonic ancestry]
   162 | D:1      | Reached XP level 2. HP: 24/24 MP: 2/2
   710 | D:2      | Noticed a phantom
   739 | D:2      | Killed a phantom
   740 | D:2      | Reached skill level 1 in Armour
   740 | D:2      | Reached XP level 3. HP: 20/29 MP: 3/3
   740 | D:2      | Gained mutation: You regenerate a little health from kills.
                  | [demonic ancestry]
   740 | D:2      | Reached XP level 4. HP: 24/35 MP: 4/4
   986 | D:2      | Reached skill level 4 in Polearms
  1122 | D:3      | HP: 1/35 [orc/+0 hand axe (1)]
  1257 | D:3      | Found a radiant altar of Vehumet.
  1377 | D:3      | Reached XP level 5. HP: 33/41 MP: 5/5
  1754 | D:3      | Found a shimmering altar of Xom.
  2186 | D:3      | Found a shadowy altar of Dithmenos.
  2220 | D:3      | Found a stormy altar of Qazlal.
  2379 | D:4      | Found a runed translucent gate.
  2379 | D:4      | Found a runed translucent gate.
  2379 | D:4      | Found a runed translucent gate.
  2386 | D:4      | Noticed Alannah's ghost (amateur DsBr)
  2430 | D:4      | Found an iron altar of Okawaru.
  2446 | D:4      | Noticed Edmund
  2465 | D:4      | Killed Edmund
  2466 | D:4      | Reached skill level 5 in Polearms
  2466 | D:4      | Gained mutation: You are partially covered in slimy green
                  | scales. (AC +2) [demonic ancestry]
  2466 | D:4      | Reached XP level 6. HP: 23/48 MP: 6/6
  2627 | D:4      | Slain by an ogre

Illustrated notes

Levels and vault maps discovered:
D:1:      dpeg_arrival_stonehenge_12_columns, layout_basic
D:2:      layout_rooms
D:3:      layout_loops_ring, nicolae_overflow_hidden_temple,
          lemuel_coloured_pillars_altar, led_xom_imps,
          amethyst_overflow_temple_binary
D:4:      layout_rooms, okawaru_metal_pillars_1_2,
          minmay_temple_entry_sparse_star, gammafunk_ghost_split,
          serial_bayou_pond_b, uniq_duvessa, uniq_edmund

Skill      XL: |  1  2  3  4  5 |
---------------+----------------+-----
Polearms       | 3 4 5 |  5.1
Armour         | 1 2 |  2.6
Dodging        | 3 |  3.2
Stealth        | 2 |  2.3
Fighting       | |  3.7

Action                   |  1- 3 |  4- 6 || total
-------------------------+-------+-------++-------
Melee: Spear             |    90 |   327 ||   417
       Halberd           |       |    37 ||    37
  Use: Potion            |       |     2 ||     2
 Stab: Sleeping          |     5 |       ||     5
Armor: Robe              |     2 |       ||     2
       Chain mail        |     6 |   190 ||   196
Dodge: Dodged            |    31 |   109 ||   140
